 Dungeon Crawl Stone Soup version 0.27-a0-1416-g941b2bd30b (webtiles) character file.

Game seed: 7676614920889106120

52 kae the Chopper (level 3, -1/34 HPs)
             Began as a Hill Orc Fighter on July 1, 2021.
             Slain by an orc priest (6 damage)
             ... on level 2 of the Dungeon.
             The game lasted 00:01:10 (985 turns).

kae the Chopper (Hill Orc Fighter)                   Turns: 985, Time: 00:01:11

Health: -1/34      AC:  6    Str: 19    XL:     3   Next: 85%
Magic:  3/3        EV:  7    Int:  8    God:
Gold:   55         SH:  9    Dex: 10    Spells: 2/2 levels left

rFire    . . .     SeeInvis .   a - +0 war axe (flame)
rCold    . . .     Faith    .   c - +0 kite shield
rNeg     . . .     Spirit   .   b - +0 scale mail
rPois    .         Reflect  .   (no helmet)
rElec    .         Harm     .   (no cloak)
rCorr    .         Rampage  .   (no gloves)
Will     .....                  (no boots)
Stlth    ..........             (no amulet)
HPRegen  0.11/turn              (no ring)
MPRegen  0.08/turn              (no ring)

@: mighty
A: no striking features
a: Convert to Beogh


You were on level 2 of the Dungeon.
You visited 1 branch of the dungeon, and saw 2 of its levels.

You collected 55 gold pieces.

Inventory:

Hand Weapons
 a - a +0 war axe of flaming (weapon)
Armour
 b - a +0 scale mail (worn)
 c - a +0 kite shield (worn)
Potions
 e - a potion of lignification


   Skills:
 + Level 4.3 Fighting
 * Level 4.7 Axes
 - Level 3.2 Armour
 - Level 3.2 Shields


You had 2 spell levels left.
You didn't know any spells.
Your spell library contained the following spells:

 Spells                   Type           Power      Damage    Failure   Level
 Blink                    Tloc           N/A        N/A       100%        2
 Manifold Assault         Tloc           0%         N/A       100%        5
 Storm Form               Tmut/Air       0%         N/A       100%        7


Dungeon Overview and Level Annotations

Branches:
Dungeon (2/15)

Altars:


Message History

The orc priest shouts, "Join the one true god or die!"
You block the orc's attack. The orc priest barely misses you.
The orc priest shouts, "Join the one true god or die!"
You hit the orc but do no damage.
The orc is severely wounded.
You block the orc's attack.
The orc priest hits you but does no damage.
The orc barely misses you.
The orc priest hits you from afar with a +0 trident.
You slash the orc! You burn the orc.
You kill the orc!
The orc priest hits you from afar with a +0 trident.
The orc priest barely misses you. The worm barely misses you.
Things that are here:
a +0 club; a +0 leather armour; a +0 short sword You hit the orc priest but do no damage.
The orc priest shouts, "Join the one true god or die!"
You hit the worm. You burn the worm. You block the orc priest's attack.
The worm bites you but does no damage.
The orc priest casts a cantrip, but nothing happens.
The orc priest shouts, "Surrender to Beogh and we'll let you live!"
You hit the orc priest but do no damage.
You completely miss the worm.
The orc priest invokes the aid of Beogh against you.
Beogh smites you!
* * * LOW HITPOINT WARNING * * *
The worm closely misses you.
You hit the orc priest. You burn the orc priest.
The orc priest is heavily wounded.
You hit the worm. You burn the worm.
The orc priest hits you with a +0 trident.
* * * LOW HITPOINT WARNING * * *
The worm bites you but does no damage.
The orc priest threatens, "By the altar or by the axe, you will meet Beogh!"
The orc priest hits you but does no damage.
The orc priest hits you from afar with a +0 trident.
* * * LOW HITPOINT WARNING * * *
You feel very mighty all of a sudden.
The orc priest hits you from afar with a +0 trident.
You die...

##.###.#..#.(. #.
#........
#.###.#..##..
#....#..##..
#..#.#......
####.#........
######....###...###
#.........# #...#
#)@..###### #...#
#w#### ....
#o....... ...
#o...#### ######


You could see a worm, an orc priest and an orc.

Vanquished Creatures
  An orc priest (D:2)
  A dart slug (D:1)
  2 orcs (D:2)
  4 bats (D:1)
  2 endoplasms
  A goblin (D:2)
  A hobgoblin (D:1)
  4 jackals (D:2)
  A quokka (D:1)
17 creatures vanquished.

Notes
Turn   | Place    | Note
-------+----------+-------------------------------------------
     0 | D:1      | kae the Hill Orc Fighter began the quest for the Orb.
     0 | D:1      | Reached XP level 1. HP: 19/19 MP: 1/1
   115 | D:1      | Reached XP level 2. HP: 20/27 MP: 2/2
   471 | D:1      | Found a faded altar of an unknown god.
   973 | D:2      | Reached XP level 3. HP: 28/34 MP: 3/3
   985 | D:2      | Slain by an orc priest

Illustrated notes

Levels and vault maps discovered:
D:1:      dpeg_arrival_rooms_c, layout_rooms,
          shapermc_ecumenical_altar_hornbeckon, chequers_big_river
D:2:      minmay_angry_zag, layout_loops_cross, dk_vineyard_1

Skill      XL: |  1  2 |
---------------+-------+-----
Axes           | 3 4 |  4.7
Fighting       | 4 |  4.3
Armour         | |  3.2
Shields        | |  3.2

Action                   || total
-------------------------++-------
Melee: War axe           ||    47
  Use: Scroll            ||     5
       Potion            ||     1
Armor: Scale mail        ||    26
Dodge: Dodged            ||    24
Block: Kite shield       ||    33

Table legend: (Time is in decaauts)
 A = Elapsed time spent in this place.
 B = Non-inter-level travel time spent in this place.
 C = Inter-level travel time spent in this place.
 D = Time resting spent in this place.
 E = Time spent auto-exploring this place.
 F = Levels seen in this place.
 G = Mean time per level.
                   A        B        C        D        E       F      G
               +--------+--------+--------+--------+--------+-----+--------+
         Total |   1024 |    986 |     38 |      2 |    842 |   2 |  512.0 |
       Dungeon |   1024 |    986 |     38 |      2 |    842 |   2 |  512.0 |
               +--------+--------+--------+--------+--------+-----+--------+

Top non-repeatable levels by time:
     D:1: 777 daAuts
     D:2: 246 daAuts
